[Event "Irish International Open 2019"]
[Site "Dublin"]
[Date "2019.04.21"]
[Round "7.19"]
[White "Murphy, Sean"]
[Black "Longson, Sarah N"]
[Result "0-1"]
[ECO "C78"]
[WhiteElo "1976"]
[BlackElo "2123"]
[Annotator "NA"]
[PlyCount "138"]
[EventDate "2019.02.28"]
[EventType "swiss"]
[EventCountry "IRL"]
[SourceTitle "playchess.com"]
[Source "ChessBase"]
[SourceQuality "1"]
[TimeControl "5400+30"]

1. e4 e5 2. Nf3 Nc6 3. Bb5 a6 4. Ba4 Nf6 5. O-O b5 6. Bb3 Bc5 7. d3 h6 8. c3 d6 9. h3 O-O 10. Qe2 Qe7 11. Be3 Bxe3 12. Qxe3 Na5 13. Bc2 c5 14. Nbd2 Be6 15. Nh2 Nh5 16. Ndf3 Nf4 17. b3 Nc6 18. Rad1 b4 19. d4 bxc3 20. d5 Nb4 21. Rc1 Bd7 22. a3 Nxc2 23. Rxc2 f5 24. Rd1 fxe4 25. Ne1 Qf7 26. Qxc3 Nxd5 27. Qg3 Be6 28. Ng4 Qf4 29. Qh4 Rad8 30. Rcd2 Qf7 31. Nc2 Rb8 32. b4 cxb4 33. axb4 Bxg4 34. Qxg4 Nc3 35. Ra1 Rb6 36. Qg3 Qc4 37. Qe3 Rc6 38. Kh2 Nd5 39. Qa7 Nf4 40. Qd7 Nd3 41. Rad1 Nxf2 42. Ne3 Rc7 43. Nxc4 Rxd7 44. Ra1 Rc7 45. Nxd6 e3 46. Re2 Rc6 47. Nb7 Rb8 48. Nc5 Rxb4 49. Nxa6 Rbb6 50. Rxe3 Rxa6 51. Rxa6 Rxa6 52. Rxe5 Nd3 53. Re2 Ra3 54. Rd2 Kf7 55. Re2 Kf6 56. Rc2 Rb3 57. Ra2 Rb2 58. Ra6+ Kf5 59. Ra5+ Ne5 60. Ra3 Rd2 61. Re3 h5 62. Ra3 g5 63. Rb3 h4 64. Ra3 Nd3 65. Ra4 Nf4 66. Ra5+ Kg6 67. Ra6+ Kh5 68. Ra8 Rxg2+ 69. Kh1 Rg3 0-1

[Event "Irish International Open 2019"]
[Site "Dublin"]
[Date "2019.04.21"]
[Round "7.20"]
[White "Melaugh, Gavin"]
[Black "Goss, Alex"]
[Result "1-0"]
[ECO "D00"]
[WhiteElo "2109"]
[BlackElo "1765"]
[Annotator "NA"]
[PlyCount "125"]
[EventDate "2019.02.28"]
[EventType "swiss"]
[EventCountry "IRL"]
[SourceTitle "playchess.com"]
[Source "ChessBase"]
[SourceQuality "1"]
[TimeControl "5400+30"]

1. d4 d5 2. Bf4 Bf5 3. Nc3 c6 4. Qd2 Nf6 5. f3 h6 6. g4 Bh7 7. e3 e6 8. Bd3 Bxd3 9. Qxd3 Bd6 10. Nge2 Na6 11. a3 Qe7 12. Ng3 Qc7 13. Bxd6 Qxd6 14. b4 Nc7 15. Kf2 a5 16. bxa5 Rxa5 17. a4 Ke7 18. Rhb1 Rb8 19. h4 b5 20. axb5 Rxa1 21. Rxa1 Nxb5 22. Na4 Ra8 23. c4 Qb4 24. cxb5 cxb5 25. Rb1 Qxa4 26. Qxb5 Qxb5 27. Rxb5 Ra2+ 28. Ne2 Nd7 29. Rb7 Kd6 30. g5 hxg5 31. hxg5 Kc6 32. Rb1 f6 33. Rh1 Ra8 34. Rh7 Rg8 35. Nf4 Nf8 36. Rh1 fxg5 37. Nh3 Nh7 38. Rg1 Kd6 39. Nxg5 Nxg5 40. Rxg5 Ke7 41. Rg1 Kf6 42. Rb1 Rc8 43. Rb3 Rc7 44. Kg3 Rc1 45. e4 dxe4 46. fxe4 Rc4 47. Rd3 e5 48. Rf3+ Ke6 49. d5+ Kd6 50. Re3 Kc5 51. Kg4 Kd4 52. Re1 Rc7 53. Kf5 Rf7+ 54. Ke6 Rf6+ 55. Ke7 Rb6 56. d6 g5 57. d7 Rb7 58. Ke8 Rb8+ 59. d8=Q+ Rxd8+ 60. Kxd8 g4 61. Ke7 g3 62. Ke6 g2 63. Kf5 1-0

[Event "Irish International Open 2019"]
[Site "Dublin"]
[Date "2019.04.21"]
[Round "7.21"]
[White "O`Connell, Kevin J."]
[Black "Kersten, Julian"]
[Result "1/2-1/2"]
[ECO "A48"]
[WhiteElo "2328"]
[BlackElo "1996"]
[Annotator "NA"]
[PlyCount "106"]
[EventDate "2019.02.28"]
[EventType "swiss"]
[EventCountry "IRL"]
[SourceTitle "playchess.com"]
[Source "ChessBase"]
[SourceQuality "1"]
[TimeControl "5400+30"]

1. d4 Nf6 2. Bf4 g6 3. e3 Bg7 4. Nf3 d6 5. h3 O-O 6. Bc4 a6 7. a4 b6 8. O-O Bb7 9. c3 c5 10. Nbd2 Nbd7 11. b4 Nd5 12. Qb3 Nxf4 13. exf4 cxd4 14. cxd4 e6 15. Rac1 Nf6 16. Rc2 Qd7 17. Rfc1 Rfc8 18. b5 a5 19. g4 Bd5 20. Bxd5 Nxd5 21. Rxc8+ Rxc8 22. Rxc8+ Qxc8 23. Qc4 Qxc4 24. Nxc4 Kf8 25. Nxd6 Nc3 26. Nc4 Nxa4 27. Kf1 Nc3 28. Nxa5 Nxb5 29. Nb3 Ke7 30. Ke2 Nc3+ 31. Kd2 Nd5 32. f5 gxf5 33. gxf5 Bh6+ 34. Kc2 exf5 35. h4 Kd6 36. Kd3 Nf4+ 37. Kc4 Nh3 38. Ne5 Ke6 39. f3 Ng1 40. Nc6 Nxf3 41. Kb5 Nxh4 42. Kxb6 Be3 43. Kc5 f4 44. Kc4 Nf5 45. Kd3 f3 46. Nc5+ Kf6 47. Ne4+ Kg6 48. Ne5+ Kg7 49. Nxf3 Bxd4 50. Nxd4 Nxd4 51. Kxd4 f5 52. Ng3 Kg6 53. Nxf5 Kxf5 1/2-1/2

[Event "Irish International Open 2019"]
[Site "Dublin"]
[Date "2019.04.21"]
[Round "7.22"]
[White "O'Mahoney, Keegan"]
[Black "Flynn, Jacob"]
[Result "0-1"]
[ECO "A61"]
[WhiteElo "1875"]
[BlackElo "2011"]
[Annotator "NA"]
[PlyCount "160"]
[EventDate "2019.02.28"]
[EventType "swiss"]
[EventCountry "IRL"]
[SourceTitle "playchess.com"]
[Source "ChessBase"]
[SourceQuality "1"]
[TimeControl "5400+30"]

1. d4 Nf6 2. c4 c5 3. d5 e6 4. Nc3 exd5 5. cxd5 d6 6. Nf3 g6 7. Bf4 Bg7 8. Qa4+ Bd7 9. Qb3 Qc7 10. h3 O-O 11. e3 Re8 12. Bd3 Na6 13. O-O Rac8 14. Nd2 Nb4 15. Bc4 Nh5 16. Bh2 Be5 17. a3 Na6 18. a4 Nb4 19. Nb5 Qb8 20. Be2 Bxh2+ 21. Kxh2 a6 22. Nc3 Nf6 23. Rfd1 Bf5 24. Rac1 Qc7 25. Nc4 Ne4 26. Kg1 Qe7 27. Bf3 Ng5 28. Be2 Rcd8 29. h4 Ne4 30. g3 Qf6 31. Bf3 Nxf2 32. Kxf2 Bg4 33. Nd2 Nd3+ 34. Ke2 Nxc1+ 35. Rxc1 Bxf3+ 36. Nxf3 Re7 37. Rf1 Rde8 38. Nd1 Qf5 39. Ng5 Qg4+ 40. Kf2 Re5 41. Kg2 R8e7 42. Rf4 Qe2+ 43. Rf2 Qg4 44. Rf4 Qd7 45. Qc4 b5 46. axb5 axb5 47. Qd3 c4 48. Qd4 Qb7 49. Nc3 f5 50. Rf3 b4 51. Ne2 Qxd5 52. Qxd5+ Rxd5 53. Nd4 Rxd4 54. exd4 Re2+ 55. Rf2 Re3 56. Nf3 Kg7 57. Rc2 d5 58. Kf2 Rd3 59. Rd2 Rb3 60. Ne5 c3 61. bxc3 bxc3 62. Re2 Rb2 63. Nf3 c2 64. Rxc2 Rxc2+ 65. Ke3 Ra2 66. Kf4 Re2 67. Ng5 h6 68. Kf3 Re8 69. Nh3 Kf6 70. Nf4 Rd8 71. g4 fxg4+ 72. Kxg4 Rd6 73. Nh3 Ra6 74. Nf4 h5+ 75. Kf3 Ra3+ 76. Kf2 Ra5 77. Kf3 Kf5 78. Ng2 Ra3+ 79. Ne3+ Rxe3+ 80. Kxe3 Kg4 0-1

[Event "Irish International Open 2019"]
[Site "Dublin"]
[Date "2019.04.21"]
[Round "7.23"]
[White "Moran, Darragh"]
[Black "Mulligan, Scott"]
[Result "1/2-1/2"]
[ECO "C15"]
[WhiteElo "1844"]
[BlackElo "2006"]
[Annotator "NA"]
[PlyCount "39"]
[EventDate "2019.02.28"]
[EventType "swiss"]
[EventCountry "IRL"]
[SourceTitle "playchess.com"]
[Source "ChessBase"]
[SourceQuality "1"]
[TimeControl "5400+30"]

1. e4 e6 2. d4 d5 3. Nc3 Bb4 4. Nge2 Nf6 5. a3 Be7 6. Ng3 dxe4 7. Ncxe4 Nbd7 8. Bd3 b6 9. Bf4 Bb7 10. Qe2 Nxe4 11. Bxe4 Bxe4 12. Nxe4 Nf6 13. O-O-O Nxe4 14. Qxe4 O-O 15. h4 Bf6 16. g4 Rc8 17. Kb1 Qd5 18. Qxd5 exd5 19. Bg5 Bd8 20. Bxd8 1/2-1/2

[Event "Irish International Open 2019"]
[Site "Dublin"]
[Date "2019.04.21"]
[Round "7.24"]
[White "Schmitz, Andreas Arnold"]
[Black "Putar, Lara"]
[Result "1-0"]
[ECO "B11"]
[WhiteElo "2003"]
[BlackElo "1641"]
[Annotator "NA"]
[PlyCount "71"]
[EventDate "2019.02.28"]
[EventType "swiss"]
[EventCountry "IRL"]
[SourceTitle "playchess.com"]
[Source "ChessBase"]
[SourceQuality "1"]
[TimeControl "5400+30"]

1. e4 c6 2. Nc3 d5 3. Qf3 d4 4. Bc4 e6 5. Nce2 c5 6. d3 Nc6 7. Qg3 Nge7 8. f4 Ng6 9. Nf3 Be7 10. h4 h5 11. Ng5 Bxg5 12. hxg5 b5 13. Bb3 Na5 14. f5 Nxb3 15. axb3 exf5 16. exf5 Bxf5 17. Qf3 Bg4 18. Qc6+ Kf8 19. Qxc5+ Kg8 20. Qxd4 Qe7 21. Be3 Re8 22. Kd2 Bxe2 23. Kxe2 Qxg5 24. Rag1 f5 25. g3 h4 26. gxh4 Qh5+ 27. Kd2 Ne5 28. Kc1 Rh7 29. Rf1 Qe2 30. Bd2 Nf3 31. Qd5+ Kh8 32. Qxf3 Qe7 33. Re1 Qd7 34. Qxf5 Rxe1+ 35. Rxe1 Qc6 36. Qf8# 1-0

[Event "Irish International Open 2019"]
[Site "Dublin"]
[Date "2019.04.21"]
[Round "7.25"]
[White "Carroll, Peter"]
[Black "Moran, Hugh"]
[Result "1/2-1/2"]
[ECO "A00"]
[WhiteElo "2006"]
[BlackElo "1522"]
[Annotator "NA"]
[PlyCount "53"]
[EventDate "2019.02.28"]
[EventType "swiss"]
[EventCountry "IRL"]
[SourceTitle "playchess.com"]
[Source "ChessBase"]
[SourceQuality "1"]
[TimeControl "5400+30"]

1. c3 d6 2. c4 Nf6 3. b4 e5 4. Bb2 Nbd7 5. e3 Be7 6. Nf3 O-O 7. a3 c6 8. d4 Qc7 9. Be2 a5 10. Nc3 Re8 11. O-O Bf8 12. Qc2 g6 13. Rfd1 Bg7 14. b5 c5 15. Na4 b6 16. Rd2 Bb7 17. Bc3 Ne4 18. Rdd1 Nxc3 19. Nxc3 Nf6 20. Ra2 Rad8 21. Qb1 exd4 22. exd4 Ne4 23. Na4 f5 24. Bd3 Bf6 25. Re2 Ng5 26. Nxg5 Bxg5 27. d5 1/2-1/2

[Event "Irish International Open 2019"]
[Site "Dublin"]
[Date "2019.04.21"]
[Round "7.26"]
[White "Larter, Nick J."]
[Black "Scallan, Fiachra"]
[Result "1/2-1/2"]
[ECO "A22"]
[WhiteElo "1830"]
[BlackElo "1899"]
[Annotator "NA"]
[PlyCount "94"]
[EventDate "2019.02.28"]
[EventType "swiss"]
[EventCountry "IRL"]
[SourceTitle "playchess.com"]
[Source "ChessBase"]
[SourceQuality "1"]
[TimeControl "5400+30"]

1. c4 e5 2. Nc3 Nf6 3. g3 d5 4. cxd5 Nxd5 5. Bg2 Nb6 6. d3 Be7 7. f4 exf4 8. Bxf4 Nc6 9. Nf3 O-O 10. O-O Be6 11. Qd2 Qd7 12. Ne4 Nd5 13. Ne5 Nxe5 14. Bxe5 f6 15. Bd4 Nf4 16. Rxf4 Qxd4+ 17. e3 Qb6 18. b3 Bb4 19. Nxf6+ Rxf6 20. Rxb4 Qa5 21. Qe1 Bd5 22. Rf4 Qxe1+ 23. Rxe1 Rd6 24. Rd4 Rad8 25. Bxd5+ Rxd5 26. Rxd5 Rxd5 27. Rd1 a5 28. e4 Rc5 29. Rd2 b5 30. Kf2 a4 31. bxa4 bxa4 32. Ke3 a3 33. Kd4 Rb5 34. Kc3 Kf7 35. d4 Ke6 36. Rf2 h6 37. h4 Rb7 38. g4 Rb1 39. g5 hxg5 40. hxg5 c6 41. g6 Rg1 42. Kb3 Rxg6 43. Kxa3 Rg1 44. Re2 Rd1 45. Rc2 Rxd4 46. Rxc6+ Kf7 47. Rc7+ Ke8 1/2-1/2

[Event "Irish International Open 2019"]
[Site "Dublin"]
[Date "2019.04.21"]
[Round "7.27"]
[White "Abul Kalam, Azad Lilu"]
[Black "Hafstad, Leif"]
[Result "1-0"]
[ECO "B40"]
[WhiteElo "1951"]
[BlackElo "1857"]
[Annotator "NA"]
[PlyCount "93"]
[EventDate "2019.02.28"]
[EventType "swiss"]
[EventCountry "IRL"]
[SourceTitle "playchess.com"]
[Source "ChessBase"]
[SourceQuality "1"]
[TimeControl "5400+30"]

1. e4 c5 2. Nf3 e6 3. c3 Nf6 4. d3 Nc6 5. Na3 d5 6. Bg5 Be7 7. e5 Nd7 8. Bxe7 Nxe7 9. d4 a6 10. Be2 O-O 11. Qd2 cxd4 12. cxd4 f6 13. exf6 Nxf6 14. Bd3 Nf5 15. Nc2 Qd6 16. O-O Bd7 17. a4 Rac8 18. Rfe1 Be8 19. h3 Bf7 20. b4 Qc7 21. Rac1 Qc3 22. Qe2 Rfe8 23. b5 Nh5 24. g3 Bg6 25. Red1 axb5 26. axb5 Nfxg3 27. fxg3 Nxg3 28. Qe3 Bxd3 29. Rxd3 Qb2 30. Kg2 Ne4 31. Nfe1 Rf8 32. Kg1 Nc3 33. Ra1 Rf6 34. Ra3 Qxb5 35. Raxc3 Rxc3 36. Rxc3 Qf1+ 37. Kh2 Rf2+ 38. Kg3 Rf6 39. Nf3 h6 40. Ne5 Rf5 41. Ne1 Rg5+ 42. Ng4 Kh7 43. Nf3 Rf5 44. Qxe6 Rh5 45. Nf6+ gxf6 46. Qf7+ Kh8 47. Rc8# 1-0

[Event "Irish International Open 2019"]
[Site "Dublin"]
[Date "2019.04.21"]
[Round "8.1"]
[White "Ruck, Robert"]
[Black "Burg, Twan"]
[Result "1/2-1/2"]
[ECO "D37"]
[WhiteElo "2522"]
[BlackElo "2519"]
[Annotator "ChessBase"]
[PlyCount "40"]
[EventDate "2019.02.28"]
[EventType "swiss"]
[EventCountry "IRL"]
[SourceTitle "playchess.com"]
[Source "ChessBase"]
[SourceQuality "1"]
[TimeControl "5400+30"]

1. Nf3 d5 2. d4 Nf6 3. c4 e6 4. Nc3 Be7 5. Bf4 O-O 6. e3 Nbd7 7. c5 Ne4 8. Nxe4 dxe4 9. Ne5 Nxe5 10. Bxe5 Bd7 11. Bc4 Bc6 12. Qg4 Bf6 13. Qg3 Bxe5 14. Qxe5 Bd5 15. Rc1 f6 16. Qh5 c6 17. Qe2 f5 18. g3 Qf6 19. Bxd5 exd5 20. h4 Rf7 1/2-1/2

[Event "Irish International Open 2019"]
[Site "Dublin"]
[Date "2019.04.21"]
[Round "8.2"]
[White "Strikovic, Aleksa"]
[Black "Larino Nieto, David"]
[Result "1/2-1/2"]
[ECO "A13"]
[WhiteElo "2493"]
[BlackElo "2434"]
[Annotator "ChessBase"]
[PlyCount "72"]
[EventDate "2019.02.28"]
[EventType "swiss"]
[EventCountry "IRL"]
[SourceTitle "playchess.com"]
[Source "ChessBase"]
[SourceQuality "1"]
[TimeControl "5400+30"]

1. c4 e6 2. Nf3 g5 3. d4 h6 4. Nc3 Bg7 5. g3 Nc6 6. d5 Ne5 7. Nxe5 Bxe5 8. Bg2 Ne7 9. Qd3 exd5 10. cxd5 d6 11. h4 g4 12. h5 a6 13. Bf4 Bg7 14. Rc1 O-O 15. Qd2 Kh7 16. Be4+ f5 17. Bb1 Ng8 18. Nd1 Rf7 19. Ne3 Kh8 20. Ng2 Bd7 21. Nh4 Rc8 22. Kf1 Qf6 23. b3 Ne7 24. Kg2 c6 25. Ng6+ Kh7 26. e4 Nxg6 27. hxg6+ Qxg6 28. dxc6 Rxc6 29. exf5 Bxf5 30. Rxc6 bxc6 31. Bxf5 Rxf5 32. Qxd6 Rf6 33. Qb4 c5 34. Qc4 Re6 35. Qd5 Re2 36. Be3 Rxa2 1/2-1/2

[Event "Irish International Open 2019"]
[Site "Dublin"]
[Date "2019.04.21"]
[Round "8.3"]
[White "Jovanic, Ognjen"]
[Black "Hovhannisyan, Mher"]
[Result "1/2-1/2"]
[ECO "D02"]
[WhiteElo "2515"]
[BlackElo "2462"]
[Annotator "ChessBase"]
[PlyCount "32"]
[EventDate "2019.02.28"]
[EventType "swiss"]
[EventCountry "IRL"]
[SourceTitle "playchess.com"]
[Source "ChessBase"]
[SourceQuality "1"]
[TimeControl "5400+30"]

1. d4 d5 2. Bf4 Nf6 3. e3 e6 4. Nf3 c5 5. c3 Nbd7 6. h3 Be7 7. Nbd2 O-O 8. Bd3 b6 9. O-O Bb7 10. Qe2 Ne4 11. Rfd1 a6 12. Bc2 Nxd2 13. Rxd2 c4 14. e4 dxe4 15. Bxe4 Bxe4 16. Qxe4 Nf6 1/2-1/2

[Event "Irish International Open 2019"]
[Site "Dublin"]
[Date "2019.04.21"]
[Round "8.4"]
[White "Saric, Ante"]
[Black "Thorfinnsson, Bjorn"]
[Result "1-0"]
[ECO "D77"]
[WhiteElo "2530"]
[BlackElo "2399"]
[Annotator "ChessBase"]
[PlyCount "95"]
[EventDate "2019.02.28"]
[EventType "swiss"]
[EventCountry "IRL"]
[SourceTitle "playchess.com"]
[Source "ChessBase"]
[SourceQuality "1"]
[TimeControl "5400+30"]

1. Nf3 Nf6 2. c4 e6 3. g3 g6 4. Bg2 Bg7 5. O-O O-O 6. d4 d5 7. Nc3 Nbd7 8. b3 b6 9. cxd5 Nxd5 10. Nxd5 exd5 11. Bg5 Qe8 12. Rc1 Ba6 13. Re1 c5 14. dxc5 Nxc5 15. Be3 Rd8 16. Bxc5 bxc5 17. Rxc5 Qe7 18. Ra5 Qb7 19. Nd4 Qb6 20. Ra4 Rfe8 21. e3 Bf8 22. Bf1 Bc8 23. Nc2 Re4 24. Rd4 Rxd4 25. Nxd4 Bb7 26. Re2 Rc8 27. Rc2 Rxc2 28. Qxc2 Bc5 29. Qc3 a6 30. h4 h5 31. Bg2 Bb4 32. Qd3 Qa5 33. a4 Bd6 34. Bf3 Qe1+ 35. Kg2 Qa5 36. Ne2 Be5 37. Nf4 Bxf4 38. gxf4 Qd8 39. Kg3 Qd7 40. f5 gxf5 41. Qd4 Qd6+ 42. Qf4 Qb6 43. b4 Bc6 44. a5 Qb5 45. Qxf5 Kg7 46. Bxh5 Be8 47. Bf3 Qxb4 48. Qg4+ 1-0

[Event "Irish International Open 2019"]
[Site "Dublin"]
[Date "2019.04.21"]
[Round "8.5"]
[White "Brady, Stephen"]
[Black "Epishin, Vladimir"]
[Result "0-1"]
[ECO "A01"]
[WhiteElo "2301"]
[BlackElo "2568"]
[Annotator "ChessBase"]
[PlyCount "88"]
[EventDate "2019.02.28"]
[EventType "swiss"]
[EventCountry "IRL"]
[SourceTitle "playchess.com"]
[Source "ChessBase"]
[SourceQuality "1"]
[TimeControl "5400+30"]

1. b3 d6 2. Bb2 Nd7 3. Nf3 e5 4. e3 Be7 5. d4 e4 6. Nfd2 f5 7. c4 Ndf6 8. Nc3 Nh6 9. f3 exf3 10. Qxf3 O-O 11. Bd3 c6 12. d5 c5 13. Qe2 Nfg4 14. Nf3 Bf6 15. Nd1 Re8 16. O-O Bxb2 17. Qxb2 Nxe3 18. Nxe3 Rxe3 19. Qd2 Re8 20. Rae1 Bd7 21. Rxe8+ Qxe8 22. Qf4 Qf8 23. Re1 Qf6 24. h3 Re8 25. Rxe8+ Bxe8 26. Ng5 Qe5 27. Qxe5 dxe5 28. Ne6 b6 29. a3 Bd7 30. Nc7 Kf8 31. b4 Ke7 32. bxc5 bxc5 33. Nb5 a5 34. Nc3 Nf7 35. Kf2 Nd6 36. h4 g6 37. g3 h6 38. Ke3 g5 39. hxg5 hxg5 40. Be2 f4+ 41. gxf4 exf4+ 42. Kf3 Kf6 43. Nb5 Ke5 44. Nxd6 g4+ 0-1

[Event "Irish International Open 2019"]
[Site "Dublin"]
[Date "2019.04.21"]
[Round "8.6"]
[White "Jackson, James P"]
[Black "Han, Yichen"]
[Result "1-0"]
[ECO "B21"]
[WhiteElo "2388"]
[BlackElo "2190"]
[Annotator "NA"]
[PlyCount "61"]
[EventDate "2019.02.28"]
[EventType "swiss"]
[EventCountry "IRL"]
[SourceTitle "playchess.com"]
[Source "ChessBase"]
[SourceQuality "1"]
[TimeControl "5400+30"]

1. e4 c5 2. d4 cxd4 3. c3 dxc3 4. Nxc3 Nc6 5. Nf3 e6 6. Bc4 Qc7 7. O-O Nf6 8. Nb5 Qb8 9. e5 a6 10. exf6 axb5 11. fxg7 Bxg7 12. Bxb5 d6 13. Be3 Bd7 14. Qd2 Ne5 15. Bxd7+ Nxd7 16. Bh6 Bxh6 17. Qxh6 Qd8 18. Rfd1 d5 19. Rxd5 exd5 20. Re1+ Qe7 21. Rxe7+ Kxe7 22. Qg5+ Kd6 23. Qf4+ Ke7 24. Qb4+ Kd8 25. Qxb7 Rxa2 26. g3 Re8 27. Nd4 Ke7 28. Qxd5 Rxb2 29. Nc6+ Kf8 30. Qd6+ Kg8 31. Qxd7 1-0

[Event "Irish International Open 2019"]
[Site "Dublin"]
[Date "2019.04.21"]
[Round "8.7"]
[White "Longson, Alexander"]
[Black "De Verdier, Michael"]
[Result "1/2-1/2"]
[ECO "C09"]
[WhiteElo "2318"]
[BlackElo "2306"]
[Annotator "NA"]
[PlyCount "32"]
[EventDate "2019.02.28"]
[EventType "swiss"]
[EventCountry "IRL"]
[SourceTitle "playchess.com"]
[Source "ChessBase"]
[SourceQuality "1"]
[TimeControl "5400+30"]

1. e4 e6 2. d4 d5 3. Nd2 c5 4. exd5 exd5 5. Ngf3 Nc6 6. dxc5 Bxc5 7. Nb3 Bb6 8. Bd3 Nf6 9. O-O O-O 10. Bg5 Bg4 11. Re1 Qd6 12. Bh4 Rfe8 13. Bg3 Rxe1+ 14. Qxe1 Qe6 15. Qxe6 Bxe6 16. c3 Ne4 1/2-1/2

[Event "Irish International Open 2019"]
[Site "Dublin"]
[Date "2019.04.21"]
[Round "8.9"]
[White "Li, Henry"]
[Black "Doyle, Hugh"]
[Result "1/2-1/2"]
[ECO "B14"]
[WhiteElo "2308"]
[BlackElo "2042"]
[Annotator "ChessBase"]
[PlyCount "98"]
[EventDate "2019.02.28"]
[EventType "swiss"]
[EventCountry "IRL"]
[SourceTitle "playchess.com"]
[Source "ChessBase"]
[SourceQuality "1"]
[TimeControl "5400+30"]

1. e4 c6 2. d4 d5 3. exd5 cxd5 4. c4 e6 5. Nf3 Nc6 6. Nc3 Nf6 7. cxd5 exd5 8. Bd3 Be7 9. h3 O-O 10. O-O Be6 11. Re1 Re8 12. Bg5 Nd7 13. Bxe7 Rxe7 14. Qd2 Nf8 15. Ne5 Nb4 16. Bb5 f6 17. Nf3 Qd6 18. a3 Nc6 19. b4 a6 20. Bxc6 Qxc6 21. Rac1 Qd6 22. Na4 Nd7 23. Qc3 b5 24. Qc6 Qxc6 25. Rxc6 bxa4 26. Rcxe6 Rxe6 27. Rxe6 a5 28. bxa5 Rxa5 29. Rd6 Nf8 30. Rb6 Ng6 31. g3 Ne7 32. Kf1 Ra7 33. Ke2 Kf7 34. Kd3 h5 35. Nd2 h4 36. Nb1 Nf5 37. g4 Ne7 38. Nc3 Ra5 39. Rb5 Rxb5 40. Nxb5 g5 41. Nc3 Ke6 42. Nxa4 Ng6 43. Nc5+ Kd6 44. Ke3 Nf4 45. Nd3 Nxh3 46. f3 Kc6 47. Nb4+ Kd6 48. Nd3 Kc6 49. Nb4+ Kd6 {[%emt 0:00:06] Ke4 [%clk 0:00:00]} 1/2-1/2

[Event "Irish International Open 2019"]
[Site "Dublin"]
[Date "2019.04.21"]
[Round "8.10"]
[White "Moran, Stephen"]
[Black "Burns-Mannion, Stephen"]
[Result "0-1"]
[ECO "D20"]
[WhiteElo "2165"]
[BlackElo "2285"]
[Annotator "NA"]
[PlyCount "60"]
[EventDate "2019.02.28"]
[EventType "swiss"]
[EventCountry "IRL"]
[SourceTitle "playchess.com"]
[Source "ChessBase"]
[SourceQuality "1"]
[TimeControl "5400+30"]

1. d4 d5 2. c4 dxc4 3. e4 e5 4. Nf3 exd4 5. Bxc4 Bb4+ 6. Nbd2 Nc6 7. O-O Nf6 8. e5 Nd5 9. Nb3 Nb6 10. Bg5 Be7 11. Bxe7 Qxe7 12. Bb5 Bd7 13. Bxc6 Bxc6 14. Nfxd4 Bd5 15. Qg4 g6 16. Rfe1 c5 17. Nb5 O-O 18. Qf4 Be6 19. Rad1 Nd5 20. Qf3 Nb4 21. a3 Nc6 22. Nd6 Bxb3 23. Qxb3 b6 24. f4 Nd4 25. Qd5 Qe6 26. Qe4 f5 27. Qd3 Rad8 28. Kf2 a5 29. Qc4 Rxd6 30. Rxd4 cxd4 0-1

[Event "Irish International Open 2019"]
[Site "Dublin"]
[Date "2019.04.21"]
[Round "8.11"]
[White "Reprun, Nadejda"]
[Black "Pulkkinen, Kari"]
[Result "0-1"]
[ECO "B34"]
[WhiteElo "1995"]
[BlackElo "2265"]
[Annotator "NA"]
[PlyCount "72"]
[EventDate "2019.02.28"]
[EventType "swiss"]
[EventCountry "IRL"]
[SourceTitle "playchess.com"]
[Source "ChessBase"]
[SourceQuality "1"]
[TimeControl "5400+30"]

1. e4 c5 2. Nf3 g6 3. d4 cxd4 4. Nxd4 Nc6 5. Nc3 Bg7 6. Be3 Nf6 7. Bc4 Qa5 8. Nxc6 bxc6 9. O-O O-O 10. f3 Rd8 11. Bb3 d5 12. exd5 cxd5 13. Bd4 e6 14. Re1 Bd7 15. Qd2 Qb4 16. Rad1 a5 17. a3 Qb7 18. a4 Bc6 19. Qf2 Nd7 20. Bxg7 Kxg7 21. Kh1 Rab8 22. Qh4 Re8 23. h3 Qc7 24. Re2 Qd8 25. Qe1 Kg8 26. Nb5 Nc5 27. Nd4 Bd7 28. Nb5 Bxb5 29. axb5 Nxb3 30. cxb3 Rxb5 31. Rd4 Qb6 32. Qd2 Rc8 33. Rh4 Rb4 34. g4 Qd4 35. Qe1 Qf4 36. Re3 Rc2 0-1

[Event "Irish International Open 2019"]
[Site "Dublin"]
[Date "2019.04.21"]
[Round "8.12"]
[White "Melaugh, Shane"]
[Black "Horvath, Gabor"]
[Result "1/2-1/2"]
[ECO "A28"]
[WhiteElo "2105"]
[BlackElo "2252"]
[Annotator "NA"]
[PlyCount "55"]
[EventDate "2019.02.28"]
[EventType "swiss"]
[EventCountry "IRL"]
[SourceTitle "playchess.com"]
[Source "ChessBase"]
[SourceQuality "1"]
[TimeControl "5400+30"]

1. c4 e5 2. Nc3 Nf6 3. Nf3 Nc6 4. e4 Bc5 5. Nxe5 Nxe5 6. d4 Bxd4 7. Qxd4 d6 8. Bg5 h6 9. Bh4 Be6 10. Nd5 g5 11. Bg3 Bxd5 12. exd5 O-O 13. O-O-O Nfd7 14. f4 Ng6 15. f5 Nge5 16. h4 Qf6 17. hxg5 hxg5 18. Bd3 Kg7 19. Rh3 Rh8 20. Bf2 Rxh3 21. gxh3 Nxd3+ 22. Qxd3 Ne5 23. Qe4 Rh8 24. Rh1 Kf8 25. c5 g4 26. h4 Rh5 27. cxd6 cxd6 28. Bxa7 1/2-1/2

[Event "Irish International Open 2019"]
[Site "Dublin"]
[Date "2019.04.21"]
[Round "8.13"]
[White "Thorarinsson, Pall A."]
[Black "Murray, David"]
[Result "1/2-1/2"]
[ECO "B31"]
[WhiteElo "2246"]
[BlackElo "2152"]
[Annotator "NA"]
[PlyCount "94"]
[EventDate "2019.02.28"]
[EventType "swiss"]
[EventCountry "IRL"]
[SourceTitle "playchess.com"]
[Source "ChessBase"]
[SourceQuality "1"]
[TimeControl "5400+30"]

1. e4 c5 2. Nf3 Nc6 3. Bb5 g6 4. Bxc6 dxc6 5. d3 Bg7 6. h3 Nh6 7. Nc3 f6 8. Be3 b6 9. Qd2 Nf7 10. Nh2 e5 11. f4 Be6 12. g4 exf4 13. Bxf4 h5 14. O-O-O Qd7 15. Qg2 hxg4 16. Nxg4 O-O-O 17. Nf2 Bh6 18. Bxh6 Rxh6 19. Ng4 Bxg4 20. hxg4 Rdh8 21. Rxh6 Rxh6 22. Rf1 Qe6 23. Kb1 Rh4 24. a3 Rxg4 25. Rxf6 Rxg2 26. Rxe6 Kd7 27. Rf6 Ne5 28. b4 Ke7 29. Rf1 cxb4 30. axb4 g5 31. b5 cxb5 32. Nxb5 g4 33. Nd4 a5 34. Rf5 Nf7 35. Rb5 Nd6 36. Rxb6 g3 37. Nf5+ Nxf5 38. exf5 Rf2 39. Rg6 g2 40. Kb2 a4 41. d4 a3+ 42. Kxa3 Rxc2 43. Kb4 Rf2 44. Kc4 Rxf5 45. Rxg2 Kd7 46. Rg6 Rh5 47. d5 Rh1 1/2-1/2

[Event "Irish International Open 2019"]
[Site "Dublin"]
[Date "2019.04.21"]
[Round "8.14"]
[White "Fitzsimons, David"]
[Black "Buonanno, Raffaele"]
[Result "1-0"]
[ECO "B01"]
[WhiteElo "2299"]
[BlackElo "2091"]
[Annotator "NA"]
[PlyCount "85"]
[EventDate "2019.02.28"]
[EventType "swiss"]
[EventCountry "IRL"]
[SourceTitle "playchess.com"]
[Source "ChessBase"]
[SourceQuality "1"]
[TimeControl "5400+30"]

1. e4 d5 2. exd5 Qxd5 3. Nc3 Qd6 4. d4 c6 5. Nf3 Bg4 6. h3 Bxf3 7. Qxf3 Qxd4 8. Nb5 Qe5+ 9. Be2 Na6 10. Bf4 Qd5 11. O-O Nf6 12. Rad1 Qxf3 13. Bxf3 e6 14. c4 Be7 15. b3 O-O 16. Nd6 Bxd6 17. Bxd6 Rfd8 18. b4 Nb8 19. b5 a6 20. Be7 Re8 21. Bxf6 gxf6 22. a4 axb5 23. axb5 Ra4 24. Be2 Ra2 25. Rfe1 Kg7 26. Rd3 Re7 27. Bf3 Rc2 28. Red1 cxb5 29. cxb5 Rcc7 30. Rb3 Red7 31. Ra1 Rd2 32. b6 Rcd7 33. Ra8 Rd8 34. Bxb7 R2d7 35. Bf3 f5 36. Rc3 Re7 37. Rc7 Kf8 38. Kf1 e5 39. Bd5 Ke8 40. Bb3 Kf8 41. Ba4 e4 42. Raa7 Re6 43. Rxf7+ 1-0